 Dungeon Sprint DCSS version 0.31-a0-960-g0fca184906 (webtiles) character file.

Game seed: 17425048494142978418

371 sircluck the Grappler (level 6, -4/71 HPs)
             Began as a Troll Berserker on Oct 23, 2023.
             Was a High Priest of Trog.
             Slain by a sea snake (20 damage)
             ... in the Dungeon (Sprint VII: "The Pits").
             The game lasted 00:00:37 (264 turns).

sircluck the Grappler (Troll Berserker)              Turns: 264, Time: 00:00:38

Health: -4/71      AC:  4    Str: 28    XL:     6   Next: 42%
Magic:  5/5        EV: 11    Int:  3    God:    Trog [*****.]
Gold:   0          SH:  0    Dex:  9    Spells: 5/5 levels left

rFire   . .          .
                       - Unarmed
rCold   . . .        (no shield)
rNeg    . . .        a - +0 animal skin
rPois   .            (helmet restricted)
rElec   .            (no cloak)
rCorr   .            (gloves unavailable)
SInv    .            (boots unavailable)
Will    .....        (no amulet)
Stlth   +            (no ring)
HPRegen 1.11/turn    (no ring)
MPRegen 0.09/turn

%: no teleportation
@: lethally poisoned (-4 -> -73)
A: large, unfitting armour, claws 3, regeneration 1, shaggy fur 1, tough skin 1
a: Renounce Religion, Berserk, Trog's Hand, Brothers in Arms


You were in the Dungeon.
You worshipped Trog.
Trog was extremely pleased with you.
You visited 1 branch

Inventory:

Armour
 a - a +0 animal skin (worn)
Scrolls
 g - a scroll of blinking
 i - 2 scrolls of vulnerability
 j - a scroll of butterflies
Potions
 b - 6 potions of curing
 c - 6 potions of heal wounds
 d - a potion of haste
 e - 4 potions of magic
 f - 3 potions of berserk rage
 h - 2 potions of invisibility


   Skills:
 + Level 7.2 Fighting
 + Level 7.1 Dodging
 + Level 8.5 Unarmed Combat


You had 5 spell levels left.
You didn't know any spells.
Your spell library was empty.

Dungeon Overview and Level Annotations

Branches:
Dungeon (1/1)

Altars:
Ashenzari
Cheibriados
Dithmenos
Elyvilon
Fedhas
Gozag
Hepliaklqana
Kikubaaqudgha
Makhleb
Nemelex Xobeh
Okawaru
Qazlal
Ru
Sif Muna
Trog
Uskayaw
Vehumet
Wu Jian
Xom
Yredelemnul
Zin
The Shining One
Jiyva
Lugonu


Innate Abilities, Weirdness & Mutations

You are too large for most types of armour.
You have claws for hands.
Your natural rate of healing is unusually fast.
You are covered in fur. (AC +1)
You have tough skin. (AC +1)


Message History

No target in view!
No target in view!
No target in view!
No target in view!
No target in view!
No target in view!
You open the door.
A rat comes into view.
The rat bites you but does no damage.
There is an open door here.
You claw the rat!
You kill the rat!
Trog accepts your kill.
No target in view!
No target in view!
No target in view!
No target in view!
No target in view!
No target in view!
No target in view!
You open the door.
A sea snake comes into view.
The sea snake hisses angrily.
The sea snake closely misses you. The sea snake bites you.
There is an open door here.
You closely miss the sea snake. The sea snake bites you!!
You are poisoned.
The sea snake poisons you!
You mangle the sea snake!!
The sea snake is moderately wounded.
You feel extremely sick. The sea snake bites you!
You are more poisoned.
The sea snake poisons you!
You mangle the sea snake!!
The sea snake is severely wounded.
* * * LOW HITPOINT WARNING * * *
You feel extremely sick. The sea snake bites you!!
You die...

#.#........##.......#
#.#........##.......#
#'###########.......#
#.......# #########
#...#...# #...#...#
#.##.##.#+#
#...#...#S+
#...#...#@#
#.......'†#
###########


You could see a sea snake.

Vanquished Creatures
  A fire bat (D)
  Pargi (D)
  A scorpion (D)
  A hound (D)
  An iron imp (D)
  An adder (D)
  A river rat (D)
  A ball python (D)
  A bat skeleton (D)
  An endoplasm (D)
  A giant cockroach (D)
  A goblin (D)
  A bat (D)
  A quokka zombie (D)
  2 rats (D)
16 creatures vanquished.

Notes
Turn   | Place    | Note
-------+----------+-------------------------------------------
     0 | D        | sircluck the Troll Berserker began the quest for the Orb.
     0 | D        | Reached XP level 1. HP: 22/22 MP: 0/0
    20 | D        | Found a bloodstained altar of Trog.
    20 | D        | Found a shimmering blue altar of Sif Muna.
    20 | D        | Found a viscous altar of Jiyva.
    20 | D        | Found a hazy altar of Hepliaklqana.
    20 | D        | Found an opulent altar of Gozag.
    21 | D        | Found a glowing golden altar of the Shining One.
    21 | D        | Found a glowing silver altar of Zin.
    21 | D        | Found a basalt altar of Yredelemnul.
    21 | D        | Found a shimmering altar of Xom.
    21 | D        | Found an ornate altar of the Wu Jian Council.
    21 | D        | Found a sacrificial altar of Ru.
    21 | D        | Found a stormy altar of Qazlal.
    21 | D        | Found an iron altar of Okawaru.
    21 | D        | Found a sparkling altar of Nemelex Xobeh.
    21 | D        | Found a burning altar of Makhleb.
    21 | D        | Found a blossoming altar of Fedhas.
    21 | D        | Found a white marble altar of Elyvilon.
    21 | D        | Found a shadowy altar of Dithmenos.
    21 | D        | Found a snail-covered altar of Cheibriados.
    24 | D        | Found a corrupted altar of Lugonu.
    24 | D        | Found a radiant altar of Vehumet.
    25 | D        | Found an ancient bone altar of Kikubaaqudgha.
    25 | D        | Found a hide-covered altar of Uskayaw.
    25 | D        | Found a broken altar of Ashenzari.
    69 | D        | Reached XP level 2. HP: 28/31 MP: 1/1
    73 | D        | Noticed a scorpion
    76 | D        | Killed a scorpion
    76 | D        | Reached ** piety under Trog
    77 | D        | Reached skill level 5 in Unarmed Combat
    77 | D        | Reached XP level 3. HP: 30/40 MP: 2/2
    77 | D        | Reached XP level 4. HP: 37/49 MP: 3/3
   113 | D        | Reached *** piety under Trog
   183 | D        | Noticed Pargi
   183 | D        | Noticed a fire bat
   197 | D        | Reached **** piety under Trog
   203 | D        | Killed Pargi
   204 | D        | Reached skill level 5 in Fighting
   204 | D        | Reached skill level 5 in Dodging
   204 | D        | Reached skill level 7 in Unarmed Combat
   204 | D        | Reached XP level 5. HP: 57/59 MP: 4/4
   220 | D        | Killed a fire bat
   221 | D        | Reached skill level 8 in Unarmed Combat
   221 | D        | Reached XP level 6. HP: 45/68 MP: 5/5
   249 | D        | Reached ***** piety under Trog
   260 | D        | Noticed a sea snake
   264 | D        | Slain by a sea snake

Illustrated notes

Levels and vault maps discovered:
D:        pitsprint [storerooms_1, entrance_room_1, metal_vault_6, armoury_1,
          mini_pit_1, grid_room_1, main_hall_1, silver_pit, the_coven_1,
          the_vestibule_1, steel_vault_4, golden_pit, hallway_of_sentries,
          crystal_vault_3, iron_vault_1, final_vault]

Skill      XL: |  1  2  3  4  5  6 |
---------------+-------------------+-----
Fighting       | 3 4 5 6 7 |  7.2
Dodging        | 3 4 5 6 7 |  7.1
Unarmed Combat | 5 7 8 |  8.5

Action                     |  1- 3 |  4- 6 || total
---------------------------+-------+-------++-------
  Melee: Unarmed           |    11 |    43 ||    54
         Punch             |     1 |       ||     1
 Armour: Animal skin       |     6 |    37 ||    43
  Dodge: Dodged            |     4 |    40 ||    44

Table legend: (Time is in decaauts)
 A = Elapsed time spent in this place.
 B = Non-inter-level travel time spent in this place.
 C = Inter-level travel time spent in this place.
 D = Time resting spent in this place.
 E = Time spent auto-exploring this place.
 F = Levels seen in this place.
 G = Mean time per level.
                   A        B        C        D        E       F      G
               +--------+--------+--------+--------+--------+-----+--------+
         Total |    258 |    258 |      0 |      0 |    119 |   1 |  258.0 |
       Dungeon |    258 |    258 |      0 |      0 |    119 |   1 |  258.0 |
               +--------+--------+--------+--------+--------+-----+--------+

Top non-repeatable levels by time:
       D: 258 daAuts
